 Dungeon Crawl Stone Soup version 0.20.2-3-g29329e0561 (webtiles) character file.

4049 Alfie the Archer (level 10, -2/88 HPs)
             Began as a Minotaur Hunter on May 12, 2020.
             Slain by a white ugly thing (17 damage)
             ... on level 11 of the Dungeon.
             The game lasted 00:24:35 (7113 turns).

Alfie the Archer (Minotaur Hunter)                  Turns: 7113, Time: 00:24:36

Health: -2/88      AC:  9    Str: 21    XL:     10   Next: 4%
Magic:  9/9        EV: 13    Int:  8    God:
Gold:   620        SH:  0    Dex: 10    Spells: 9/9 levels left

rFire    . . .     SeeInvis .   b - +1 short sword
rCold    + . .     Gourm    .   (no shield)
rNeg     . . .     Faith    .   A - +1 leather armour {rC+}
rPois    .         Spirit   .   (helmet restricted)
rElec    .         Reflect  .   (no cloak)
rCorr    .         Harm     .   s - +1 pair of gloves
MR       +....                  i - +2 pair of boots
Stlth    ++........             (no amulet)
Regen    0.3/turn               r - ring of protection from magic
MPRegen  0.2/turn               (no ring)

@: no status effects
A: retaliatory headbutt, horns 2
a: no special abilities


You were on level 11 of the Dungeon.
You were not hungry.

You visited 1 branch of the dungeon, and saw 10 of its levels.
You also visited: Sewer.

You collected 620 gold pieces.

Inventory:

Hand Weapons
 a - a +1 shortbow
 b - a +1 short sword (weapon)
Missiles
 d - 70 arrows
Armour
 i - a +2 pair of boots (worn)
 s - a +1 pair of gloves (worn)
 A - a +1 leather armour of cold resistance (worn)
 B - a +0 cloak
Jewellery
 r - a ring of protection from magic (left hand)
Wands
 c - a wand of scattershot (3/9)
 h - a wand of flame (23/48)
 y - a wand of clouds (4/9)
 D - a wand of polymorph (10/24)
Scrolls
 e - a scroll of magic mapping
 l - 2 scrolls of teleportation
 n - 6 scrolls of remove curse
 v - a scroll of amnesia
 z - a scroll of blinking
 F - 2 scrolls of fog {unknown}
Potions
 g - 2 potions of magic
 j - 3 potions of brilliance
 k - 2 potions of ambrosia {unknown}
 m - 3 potions of mutation {unknown}
 o - a potion of curing
 q - a potion of might
 t - 2 potions of flight
 u - a potion of invisibility {unknown}
 E - a potion of haste {unknown}
Comestibles
 f - 3 bread rations
 p - 2 meat rations
 C - 2 fruits


   Skills:
 + Level 7.9 Fighting
 + Level 3.4 Short Blades
 + Level 12.6 Bows
 + Level 4.2 Armour
 + Level 4.7 Dodging
 + Level 2.0 Stealth


You had 9 spell levels left.
You didn't know any spells.

Dungeon Overview and Level Annotations

Branches:
Dungeon (9/15)             Temple (0/1) D:6
   Lair: D:8-11         Orc: D:9-12

Altars:
Ashenzari
Gozag
Kikubaaqudgha
Nemelex Xobeh
Qazlal
Ru
Sif Muna
Trog
Zin


Innate Abilities, Weirdness & Mutations

You reflexively headbutt those who attack you in melee.
You have a pair of horns on your head.


Message History

* * * LOW HITPOINT WARNING * * *
You hit the white ugly thing. You headbutt the white ugly thing.
The white ugly thing is heavily wounded.
The white ugly thing misses you. You furiously retaliate!
You headbutt the white ugly thing. You puncture the white ugly thing!
The white ugly thing is severely wounded.
You feel sick.
You hit the white ugly thing.
The white ugly thing is severely wounded.
You feel sick.
The white ugly thing tentacle-slaps you.
* * * LOW HITPOINT WARNING * * *
The white ugly thing freezes you! You resist.
* * * LOW HITPOINT WARNING * * *
You feel better.
The white ugly thing tentacle-slaps you.
* * * LOW HITPOINT WARNING * * *
The white ugly thing freezes you! You resist.
You die...

.# .# #. .#
#. ##.## #.
###...# #.
#....# #.
#....# #.
#u@.##.# #.
##....# ##.
.......####
##..
#####..#
#... #..#
#... #..#
#.#. #..#
#########.#.
....
..........#.
#a.
#####>..yy.


You could see a white ugly thing.

Vanquished Creatures
  An ugly thing (D:8)
  Grinder (D:6)
  Sigmund (D:5)
  Eustachio (D:6)
  Menkaure (D:4)
  Duvessa (D:6)
  An orc warrior (D:7)
  2 sky beasts
  2 black bears
  An ogre (D:6)
  2 phantoms
  3 centaurs
  A crocodile (D:9)
  4 big kobolds
  Blork the orc (D:4)
  3 bullfrogs
  Dowan (D:6)
  3 scorpions
  2 killer bees (D:11)
  A howler monkey (D:6)
  3 crimson imps
  3 jellies
  A bullfrog zombie (D:7)
  4 hounds
  3 orc priests
  5 orc wizards
  A bullfrog skeleton (D:7)
  A centaur skeleton (D:5)
  An iguana (D:7)
  Ijyb (D:4)
  4 worker ants
  A hound zombie (D:7)
  A hound skeleton (D:4)
  4 gnolls (D:7)
  8 adders
  4 shadow imps
  2 adder skeletons
  3 dart slugs
  4 leopard geckos
  16 orcs
  2 giant cockroaches
  15 goblins
  8 hobgoblins
  5 quokkas
  2 ball pythons
  7 bats
  3 frilled lizards
  A jackal zombie (D:6)
  28 kobolds
  A quokka skeleton (D:7)
  9 rats
  A fungus (D:6)
185 creatures vanquished.

Vanquished Creatures (others)
  A bush (D:7)
1 creature vanquished.

Grand Total: 186 creatures vanquished

Notes
Turn   | Place    | Note
-------+----------+-------------------------------------------
     0 | D:1      | Alfie the Minotaur Hunter began the quest for the Orb.
     0 | D:1      | Reached XP level 1. HP: 18/18 MP: 0/0
   210 | D:1      | Reached XP level 2. HP: 16/25 MP: 1/1
   252 | D:1      | Reached skill level 5 in Bows
   514 | D:1      | Reached XP level 3. HP: 25/30 MP: 2/2
   745 | D:2      | Found a sacrificial altar of Ru.
  1123 | D:2      | Reached XP level 4. HP: 37/37 MP: 3/3
  1749 | D:3      | Reached skill level 6 in Bows
  1760 | D:3      | Reached skill level 1 in Short Blades
  1760 | D:3      | Reached skill level 1 in Armour
  1760 | D:3      | Reached XP level 5. HP: 29/44 MP: 4/4
  1961 | D:3      | Found a glowing drain.
  1982 | Sewer    | Entered a sewer
  2083 | Sewer    | Found a white marble altar of Elyvilon.
  2265 | D:4      | Noticed Blork the orc
  2274 | D:4      | Killed Blork the orc
  2274 | D:4      | Reached skill level 7 in Bows
  2274 | D:4      | Reached XP level 6. HP: 41/51 MP: 5/5
  2359 | D:4      | Reached skill level 1 in Stealth
  2446 | D:4      | Noticed Ijyb
  2457 | D:4      | Killed Ijyb
  2573 | D:4      | Noticed Menkaure
  2576 | D:4      | Killed Menkaure
  2576 | D:4      | Reached XP level 7. HP: 36/59 MP: 6/6
  2820 | D:4      | Found a deep blue altar of Sif Muna.
  2820 | D:4      | Found a glowing silver altar of Zin.
  2821 | D:4      | Found a sparkling altar of Nemelex Xobeh.
  2929 | D:4      | Found a stormy altar of Qazlal.
  2929 | D:4      | Found a shattered altar of Ashenzari.
  3064 | D:5      | Entered Level 5 of the Dungeon
  3137 | D:5      | Found an ancient bone altar of Kikubaaqudgha.
  3275 | D:5      | Noticed Sigmund
  3292 | D:5      | Killed Sigmund
  3292 | D:5      | Reached skill level 8 in Bows
  3781 | D:6      | Reached skill level 9 in Bows
  3781 | D:6      | Reached XP level 8. HP: 64/67 MP: 7/7
  3784 | D:6      | Found a staircase to the Ecumenical Temple.
  3885 | D:6      | Noticed Grinder
  3905 | D:6      | Killed Grinder
  3905 | D:6      | Reached skill level 5 in Fighting
  3985 | D:6      | Found a sacrificial altar of Ru.
  3994 | D:6      | Noticed Duvessa
  3994 | D:6      | Noticed Dowan
  4011 | D:6      | Killed Duvessa
  4017 | D:6      | Killed Dowan
  4162 | D:6      | Noticed Eustachio
  4165 | D:6      | Killed Eustachio
  4165 | D:6      | Reached skill level 10 in Bows
  4263 | D:6      | Found an opulent altar of Gozag.
  5118 | D:7      | Found a bloodstained altar of Trog.
  5132 | D:6      | Reached XP level 9. HP: 55/75 MP: 8/8
  5573 | D:7      | Reached skill level 11 in Bows
  6079 | D:8      | Noticed a brown ugly thing
  6147 | D:8      | Killed a brown ugly thing
  6147 | D:8      | Reached skill level 12 in Bows
  6950 | D:9      | Reached XP level 10. HP: 86/88 MP: 9/9
  7076 | D:9      | You fall through a shaft for 2 floors!
  7094 | D:11     | Noticed a two-headed ogre
  7102 | D:11     | Noticed a white ugly thing
  7113 | D:11     | Slain by a white ugly thing

Skill      XL: |  1  2  3  4  5  6  7  8  9 |
---------------+----------------------------+-----
Bows           | 5 6 7 9 10 12 | 12.6
Short Blades   | 1 2 3 |  3.4
Armour         | 1 2 3 4 |  4.2
Fighting       | 3 4 6 7 |  7.9
Stealth        | 1 2 |  2.0
Dodging        | 3 4 |  4.7

Action                   |  1- 3 |  4- 6 |  7- 9 | 10-12 || total
-------------------------+-------+-------+-------+-------++-------
Melee: Short sword       |    35 |    18 |    41 |    10 ||   104
       Headbutt          |     5 |       |     7 |     4 ||    16
 Fire: Shortbow          |    71 |   111 |   435 |    25 ||   642
  Use: Scroll            |     6 |     4 |     8 |     1 ||    19
       Potion            |     5 |       |    11 |     1 ||    17
 Stab: Sleeping          |       |       |     1 |     1 ||     2
  Eat: Bread ration      |     1 |       |       |       ||     1
       Royal jelly       |       |     1 |       |       ||     1
       Meat ration       |       |       |     2 |       ||     2
       Fruit             |       |       |     2 |       ||     2
Armor: Leather armour    |    24 |    21 |    65 |     6 ||   116
       Skin              |       |       |     2 |       ||     2
Dodge: Dodged            |    49 |    30 |   103 |    14 ||   196
